 Dungeon Crawl Stone Soup version 0.30-a0-824-g6c64550be9 (webtiles) character file.

Game seed: 15318987420085968710

59476 Newt the Covert (level 15, -7/92 HPs)
             Began as a Kobold Hunter on Feb 27, 2023.
             Was a High Priest of Dithmenos.
             Mangled by Saint Roka
             ... wielding a +0 battleaxe of holy wrath
              (18 damage)
             ... on level 1 of the Orcish Mines on Feb 28, 2023.
             The game lasted 00:25:42 (20289 turns).

Newt the Covert (Kobold Hunter)                    Turns: 20289, Time: 00:25:43

Health: -7/92      AC: 22    Str:  8    XL:     15   Next: 34%
Magic:  27/27      EV: 33    Int: 12    God:    Dithmenos [*****.]
Gold:   3303       SH:  0    Dex: 25    Spells: 27/30 levels left

rFire   . . .      SeeInvis .    f - +9 dagger (venom)
rCold   . . .      Faith    .    p - +3 buckler {AC+3}
rNeg    . . .      Spirit   .    h - +0 steam dragon scales
rPois   .          Reflect  +    x - +2 helmet
rElec   .          Harm     .    (no cloak)
rCorr   .          Rampage  .    a - +1 pair of gloves
Will    +....      Clarity  +    V - +2 pair of slick slippers {slick, slippery, EV+5}
Stlth   +++++++                  w - amulet of reflection
HPRegen 0.35/turn                k - +4 ring of protection
MPRegen 0.20/turn                L - +5 ring of evasion

@: confused, ambrosia-drunk, hasted, wreathed by umbra, studying Conjurations,
very quick
A: small, no large weapons, nightstalker 3, camouflage 1, clarity
a: Renounce Religion, Shadow Step, Shadow Form


You were on level 1 of the Orcish Mines.
You worshipped Dithmenos.
Dithmenos was extremely pleased with you.
You visited 4 branches of the dungeon, and saw 18 of its levels.
You visited the Abyss 1 time.
You also visited: Sewer, Ossuary, Bailey and Volcano.

You collected 3303 gold pieces.

Inventory:

Hand Weapons
 f - a +9 dagger of venom (weapon)
 J - a +5 dagger of venom
Missiles
 t - 14 curare-tipped darts (quivered)
 A - 4 throwing nets
Armour
 a - a +1 pair of gloves (worn)
 c - a +1 leather armour
 h - +0 steam dragon scales (worn)
 p - a +3 buckler of protection (worn)
 x - a +2 helmet (worn)
 K - a +3 leather armour of poison resistance
 V - the +2 pair of slick slippers (worn) {slick, slippery, EV+5}
   (You acquired it on level 9 of the Dungeon)

   Slick:     Its wearer cannot be constricted, engulfed, netted or webbed.
   Slippery:  It slips away from damaging melee attacks, pulling the attacker
   onward.
   EV:        It affects your evasion (+5).
Jewellery
 k - a +4 ring of protection (left hand)
 w - an amulet of reflection (around neck)
 z - an amulet of faith
 G - a +6 ring of intelligence
 I - a +4 ring of protection
 L - a +5 ring of evasion (right hand)
 P - a ring of flight
Wands
 b - a wand of digging (4)
 B - a wand of iceblast (11)
 F - a wand of mindburst (12)
 H - a wand of paralysis (11)
 Q - a wand of light (6)
 R - a wand of flame (31)
Scrolls
 g - 4 scrolls of magic mapping
 i - 5 scrolls of fog
 m - 4 scrolls of fear
 n - 2 scrolls of identify
 u - 2 scrolls of enchant armour
 v - 11 scrolls of teleportation
 y - 3 scrolls of blinking
 C - 2 scrolls of amnesia
 E - 2 scrolls of enchant weapon
 N - a scroll of silence
 S - a scroll of brand weapon
 T - a scroll of summoning
Potions
 d - 3 potions of berserk rage
 j - a potion of resistance
 l - a potion of invisibility
 o - 5 potions of magic
 q - 4 potions of cancellation
 r - 4 potions of brilliance
 s - a potion of haste
 D - 5 potions of curing
 M - a potion of flight
 O - 2 potions of might
 Z - 2 potions of ambrosia
Miscellaneous
 e - a lightning rod (4/4)
 W - a phantom mirror
 X - a condenser vane


   Skills:
 - Level 10.0 Fighting
 - Level 14.0 Short Blades
 - Level 5.3 Ranged Weapons
 - Level 6.0 Throwing
 - Level 10.0 Armour
 - Level 10.0 Dodging
 - Level 14.0 Stealth
 * Level 1.8 Shields
 - Level 8.1 Spellcasting
 - Level 5.8 Conjurations
 - Level 4.0 Hexes
 - Level 6.0 Invocations
 - Level 6.0 Evocations


You had 27 spell levels left.
You knew the following spells:

 Your Spells              Type           Power      Damage    Failure   Level
a - Dazzling Flash        Conj/Hex       32%        N/A       9%          3

Your spell library contained the following spells:

 Spells                   Type           Power      Damage    Failure   Level
 Slow                     Hex            56%        N/A       4%          1
 Confusing Touch          Hex            14%        N/A       13%         3
 Hailstorm                Conj/Ice       11%        3d5       21%         3
 Stone Arrow              Conj/Erth      22%        3d8       21%         3
 Beastly Appendage        Tmut           8%         N/A       22%         1
 Freeze                   Ice            16%        1d4       22%         1
 Sandblast                Erth           8%         2d5       22%         1
 Summon Small Mammal      Summ           16%        N/A       22%         1
 Summon Guardian Golem    Hex/Summ       9%         N/A       28%         3
 Passwall                 Tmut/Erth      3%         N/A       32%         2
 Wereblood                Tmut           4%         N/A       32%         2
 Call Canine Familiar     Summ           4%         N/A       54%         3
 Frozen Ramparts          Ice            8%         1d2       54%         3
 Spider Form              Tmut/Pois      4%         N/A       54%         3
 Vampiric Draining        Necr           4%         2d6       54%         3
 Animate Armour           Summ/Erth      8%         N/A       91%         4
 Silence                  Hex/Air        4%         N/A       95%         5
 Agony                    Necr           4%         N/A       99%         5
 Blade Hands              Tmut           2%         N/A       99%         5
 Iron Shot                Conj/Erth      5%         9d2       100%        6
 Lehudib's Crystal Spear  Conj/Erth      5%         10d3      100%        8


Dungeon Overview and Level Annotations

Branches:
Dungeon (10/15)            Temple (1/1) D:4            Lair (5/5) D:10
 Shoals (0/4) Lair:3        Snake (0/4) Lair:2        Slime (0/5) Lair:5
    Orc (2/2) D:10            Elf (0/3) Orc:2         Sewer (visited)
Ossuary (visited)          Bailey (visited)         Volcano (visited)

Altars:
Ashenzari
Cheibriados
Dithmenos
Elyvilon
Fedhas
Gozag
Hepliaklqana
Kikubaaqudgha
Makhleb
Nemelex Xobeh
Okawaru
Qazlal
Ru
Sif Muna
Trog
Uskayaw
Vehumet
Wu Jian
Xom
Yredelemnul
Zin
The Shining One

Shops:
D:3 *   D:9 *   Orc:1 :

Annotations:
Orc:1 Saint Roka


Innate Abilities, Weirdness & Mutations

You are small and have problems with some larger weapons.
You are completely attuned to the shadows.
Your skin changes colour to match your surroundings (Stealth+).
You possess an exceptional clarity of mind.


Message History

Your shadow hits Saint Roka with a dagger.
The warg completely misses you.
You hit Saint Roka but do no damage.
Saint Roka looks as sick as possible!
Saint Roka is lightly wounded.
Saint Roka completely misses you.
You puncture Saint Roka!
Saint Roka looks as sick as possible!
Saint Roka is lightly wounded.
You block the warg's attack.
You hit Saint Roka.
Saint Roka is lightly wounded.
Your shadow closely misses Saint Roka.
You block the warg's attack.
Saint Roka mumbles some strange prayers to Beogh against you.
Beogh smites you!
* * * LOW HITPOINT WARNING * * *
The orc warrior hits you but does no damage.
You puncture Saint Roka!
Saint Roka is lightly wounded.
Your shadow barely misses Saint Roka.
The warg completely misses you.
You hit Saint Roka but do no damage.
Saint Roka is lightly wounded.
Your shadow hits Saint Roka but does no damage.
You block the warg's attack.
You barely miss Saint Roka.
Saint Roka is lightly wounded.
You block the orc warrior's attack. You block the warg's attack.
Saint Roka hits you with a +0 battleaxe of holy wrath!
* * * LOW HITPOINT WARNING * * *
You slip backwards!
Found 6 gold pieces.
Casting: Dazzling Flash (dangerous; 9% risk of failure)
Confirm with . or Enter, or press ? or * to list all spells.
Casting: Dazzling Flash (dangerous; 9% risk of failure)
Press: ? - help, Dir - look around, f - activate The orc warrior is dazzled.
Okay, then.
Okay, then.
Okay, then.
You are confused.
You feel invigorated.
Saint Roka hits you with a +0 battleaxe of holy wrath!!
You die...

######
.###..#.#
....#$.....
...#......#
$..##.>....
#...#oo....
....@hh#...
........#..
##
#..........
.##
........$.
..###
.........
....##
.⌠...#
....##
∩...##


You could see Saint Roka (extremely poisoned), 2 wargs and an orc warrior
(strong, blind, very poisoned).

Vanquished Creatures
  Gastronok (Lair:2)
  Kirke (Lair:5)
  An orc warlord (Bailey)
  Harold (Orc:1)
  2 hydras
  A dancing weapon (Volcano)
  Erica (Lair:2)
  A two-headed ogre (D:9)
  5 death yaks (Lair:5)
  2 skysharks
  Sonja (Lair:2)
  An orange crystal statue (D:9)
  5 wizards (Volcano)
  Pikel (D:6)
  The ghost of retardedninja the Shield-Bearer, a novice GnFi (D:6)
  2 harpies (Lair:3)
  An orc knight (Bailey)
  A manticore (D:10)
  4 black mambas
  Maurice (D:9)
  10 elephants
  5 toenail golems (Volcano)
  13 cane toads
  Psyche (D:8)
  8 komodo dragons
  2 rime drakes (Lair:2)
  A troll (D:10)
  4 polar bears
  5 hornets (Lair:5)
  Grinder (Sewer)
  12 blink frogs
  10 dream sheep
  13 spriggans (Lair:5)
  61 yaks
  4 hogs (Lair:5)
  4 basilisks
  A steam dragon (D:6)
  7 wyverns
  Menkaure (D:6)
  3 nagas (Lair:2)
  A warg (Orc:1)
  Duvessa (D:6)
  11 water moccasins
  4 orc warriors
  A sky beast (D:8)
  4 black bears
  23 wolves
  5 ogres
  4 boggarts (Lair:5)
  4 phantoms
  A lemure (D:6)
  2 centaurs
  13 kobold brigands
  12 bullfrogs
  9 scorpions
  A necrophage (D:5)
  Dowan (D:6)
  14 killer bees
  4 electric eels
  3 centaur zombies (Ossuary)
  4 hounds
  A jelly (D:7)
  2 quasits (Sewer)
  8 orc priests
  2 human zombies (Ossuary)
  4 gnoll boudas
  An iguana (D:7)
  16 orc wizards
  3 mummies (Ossuary)
  Robin (D:2)
  21 gnolls
  7 adders
  A river rat (D:3)
  2 shadow imps
  6 ufetubi
  4 worms
  42 orcs
  11 endoplasms
  5 giant cockroaches
  4 gnoll zombies (Ossuary)
  19 goblins
  4 hobgoblins
  7 jackals
  42 kobolds
  4 quokkas
  9 ball pythons
  10 bats
  3 frilled lizards (D:1)
  A giant cockroach zombie (Sewer)
  3 hobgoblin zombies (Ossuary)
  3 kobold zombies (Ossuary)
  An orc zombie (Ossuary)
  11 rats
580 creatures vanquished.

Vanquished Creatures (others)
  A wizard (D:5)
  An endoplasm (Sewer)
  A kobold zombie (Sewer)
  45 fungi
  34 plants
82 creatures vanquished.

Grand Total: 662 creatures vanquished

Notes
Turn   | Place    | Note
-------+----------+-------------------------------------------
     0 | D:1      | Newt the Kobold Hunter began the quest for the Orb.
     0 | D:1      | Reached XP level 1. HP: 12/12 MP: 1/1
   141 | D:1      | Reached XP level 2. HP: 18/18 MP: 2/2
   493 | D:1      | Reached XP level 3. HP: 23/23 MP: 3/3
  1346 | D:2      | Reached skill level 1 in Short Blades
  1486 | D:2      | Reached XP level 4. HP: 29/29 MP: 4/4
  1640 | D:2      | Noticed Robin
  1667 | D:2      | Killed Robin
  1991 | D:2      | Reached XP level 5. HP: 32/33 MP: 5/5
  2187 | D:3      | Found a glowing drain.
  2218 | Sewer    | Entered a sewer
  2336 | Sewer    | Found a burning altar of Makhleb.
  2344 | Sewer    | Reached skill level 5 in Short Blades
  2391 | Sewer    | Reached XP level 6. HP: 38/38 MP: 6/6
  2533 | Sewer    | Noticed Grinder
  2537 | Sewer    | Paralysed by Grinder for 2 turns
  2549 | Sewer    | Killed Grinder
  2550 | Sewer    | Reached XP level 7. HP: 21/43 MP: 7/7
  2866 | D:3      | Gained mutation: Your skin changes colour to match your
                  | surroundings (Stealth+). [potion of mutation]
  2866 | D:3      | Gained mutation: You possess an exceptional clarity of
                  | mind. [potion of mutation]
  2950 | D:3      | Found Isomm's General Store.
  3036 | D:3      | Found a faded altar of an unknown god.
  3806 | D:4      | Found a staircase to the Ecumenical Temple.
  3818 | Temple   | Entered the Ecumenical Temple
  4275 | D:4      | Found a hazy altar of Hepliaklqana.
  4379 | D:4      | Found a burning altar of Makhleb.
  4536 | D:5      | Entered Level 5 of the Dungeon
  4655 | D:5      | Reached skill level 5 in Dodging
  4655 | D:5      | Reached XP level 8. HP: 48/48 MP: 8/8
  4695 | D:5      | Identified a scroll of acquirement
  4695 | D:5      | Acquired 745 gold pieces
  4811 | D:5      | Reached skill level 5 in Fighting
  5201 | D:5      | Found a bloodstained altar of Trog.
  5204 | D:5      | Noticed a wizard
  5217 | D:5      | Killed a wizard
  5398 | D:6      | Found a runed translucent gate.
  5414 | D:6      | Noticed Duvessa
  5415 | D:6      | Noticed Dowan
  5427 | D:6      | HP: 2/51 [Dowan/puff of flame (10)]
  5435 | D:6      | Killed Dowan
  5438 | D:6      | Killed Duvessa
  5440 | D:6      | Reached skill level 1 in Armour
  5573 | D:6      | Found a sand-covered staircase.
  5579 | Ossuary  | Entered an ossuary
  5649 | Ossuary  | Reached XP level 9. HP: 57/57 MP: 9/9
  5995 | D:6      | Reached skill level 5 in Armour
  6132 | D:6      | Found a runed translucent gate.
  6153 | D:6      | Found a runed translucent gate.
  6156 | D:6      | Noticed retardedninja's ghost (novice GnFi)
  6286 | D:6      | Noticed Menkaure
  6296 | D:6      | Killed Menkaure
  6484 | D:6      | Noticed Pikel
  6512 | D:6      | Killed Pikel
  6513 | D:6      | Reached skill level 10 in Short Blades
  6513 | D:6      | Reached XP level 10. HP: 36/63 MP: 10/10
  7118 | D:6      | Killed retardedninja's ghost
  7119 | D:6      | Reached skill level 10 in Stealth
  7551 | D:7      | Reached skill level 5 in Evocations
  8052 | D:8      | Found a shadowy altar of Dithmenos.
  8069 | D:8      | Became a worshipper of Dithmenos the Shadowed
  8350 | D:8      | Noticed Psyche
  8354 | D:8      | Killed Psyche
  8355 | D:8      | Reached XP level 11. HP: 67/67 MP: 11/11
  8625 | D:8      | Found a sacrificial altar of Ru.
  8720 | D:9      | Found a flagged portal.
  8758 | Bailey   | Entered a bailey
  8777 | Bailey   | Noticed an orc warlord
  8808 | Bailey   | Noticed an orc knight
  8838 | Bailey   | Killed an orc knight
  8847 | Bailey   | Reached * piety under Dithmenos
  8939 | Bailey   | Found a runed translucent gate.
  8939 | Bailey   | Found a runed translucent gate.
  8962 | Bailey   | Found a runed translucent gate.
  9088 | Bailey   | Killed an orc warlord
  9117 | D:9      | Acquired the +2 pair of slick slippers {slick, slippery,
                  | EV+5}
  9117 | D:9      | Found the +2 pair of slick slippers {slick, slippery, EV+5}
  9150 | D:9      | Noticed an orange crystal statue
  9177 | D:9      | Killed an orange crystal statue
  9554 | D:9      | Found a shimmering altar of Xom.
  9578 | D:9      | Noticed Maurice
  9582 | D:9      | Killed Maurice
  9820 | D:9      | Noticed a two-headed ogre
  9850 | D:9      | Killed a two-headed ogre
  9943 | D:9      | Found Hifrov's Assorted Antiques.
  9965 | D:9      | Found a stormy altar of Qazlal.
 10127 | D:9      | Found an iron altar of Okawaru.
 10158 | D:10     | Entered Level 10 of the Dungeon
 10191 | D:10     | Found a staircase to the Lair.
 10261 | D:10     | Noticed a manticore
 10267 | D:10     | Reached ** piety under Dithmenos
 10277 | D:10     | Killed a manticore
 10607 | D:10     | Reached skill level 10 in Fighting
 10697 | D:10     | Found a staircase to the Orcish Mines.
 10778 | D:10     | Reached XP level 12. HP: 77/77 MP: 12/12
 11052 | D:10     | Found a shimmering blue altar of Sif Muna.
 11130 | D:10     | Reached *** piety under Dithmenos
 11279 | D:10     | Reached skill level 10 in Dodging
 11289 | D:10     | Reached skill level 1 in Throwing
 11400 | Lair:1   | Entered Level 1 of the Lair of Beasts
 11400 | Lair:1   | Found a dark tunnel.
 11402 | Lair:1   | Acquired 629 gold pieces
 11408 | Volcano  | Entered a volcano
 11444 | Volcano  | Reached skill level 5 in Throwing
 11468 | Abyss:3  | Cast into level 3 of the Abyss (a wizard)
 11498 | Abyss:3  | Noticed a vampire mage
 11507 | Volcano  | Escaped the Abyss
 11623 | Volcano  | Noticed a +2 mace of flaming
 11627 | Volcano  | Killed a +2 mace of flaming
 11628 | Volcano  | Reached skill level 5 in Invocations
 11828 | Lair:1   | Reached XP level 13. HP: 82/82 MP: 17/17
 12820 | Lair:2   | Reached **** piety under Dithmenos
 12989 | Lair:2   | Noticed Sonja
 12997 | Lair:2   | Noticed Erica
 13014 | Lair:2   | Killed Sonja
 13015 | Lair:2   | Reached skill level 1 in Spellcasting
 13234 | Lair:2   | Found a staircase to the Snake Pit.
 13335 | Lair:2   | Noticed Gastronok
 13339 | Lair:2   | Killed Gastronok
 13416 | Lair:2   | Killed Erica
 14050 | Lair:3   | Found a staircase to the Shoals.
 14087 | Lair:3   | Reached skill level 5 in Spellcasting
 14551 | Lair:3   | Reached XP level 14. HP: 73/88 MP: 21/21
 16926 | Lair:5   | Entered Level 5 of the Lair of Beasts
 17091 | Lair:5   | Reached skill level 10 in Armour
 17094 | Lair:5   | Reached ***** piety under Dithmenos
 17226 | Lair:5   | Noticed Kirke
 17287 | Lair:5   | Killed Kirke
 17887 | Lair:5   | Found a staircase to the Slime Pits.
 18118 | Lair:5   | Reached XP level 15. HP: 92/92 MP: 27/27
 18122 | Lair:5   | Learned a level 3 spell: Dazzling Flash
 18400 | Lair:5   | Reached skill level 1 in Conjurations
 18409 | Lair:5   | Reached skill level 1 in Hexes
 18727 | Lair:5   | Reached skill level 5 in Conjurations
 19552 | Orc:1    | Entered Level 1 of the Orcish Mines
 19656 | Orc:1    | Found Jorestrump's Vocational Training.
 19807 | Orc:1    | Noticed Harold
 19811 | Orc:1    | Killed Harold
 19812 | Orc:1    | Reached skill level 1 in Shields
 19931 | Orc:2    | Entered Level 2 of the Orcish Mines
 19963 | Orc:2    | Found a staircase to the Elven Halls.
 20000 | Orc:2    | Noticed Saint Roka
 20289 | Orc:1    | Mangled by Saint Roka

Illustrated notes

Levels and vault maps discovered:
D:1:      dpeg_arrival_pits, layout_basic
D:2:      layout_loops_cross, minivault_23, minmay_surrounded, uniq_robin
D:3:      layout_basic, serial_shops, nicolae_shop_crystal,
          cheibrodos_sewer_entry_sluice, chequers_ecumenical_altar_simple,
          minmay_misc_feat_iff
D:4:      layout_rooms, nzn_hepliaklqana_mist_gate,
          lemuel_coloured_pillars_altar, minmay_temple_entry_statues_fountains
D:5:      layout_rooms, trog_wizard, hex_large
D:6:      layout_basic, gammafunk_ghost_nasty_kobolds,
          nicolae_ossuary_entry_ruins, uniq_pikel, uniq_menkaure, uniq_duvessa
D:7:      layout_rooms
D:8:      layout_basic, mainiacjoe_overflow_chevrons, lemuel_round_altar,
          uniq_psyche
D:9:      nicolae_hitomezashi [nicolae_hito_row, nicolae_hito_row,
          nicolae_hito_row, nicolae_hito_row, nicolae_hito_row,
          nicolae_hito_row, nicolae_hito_row, nicolae_hito_row,
          nicolae_hito_row, nicolae_hito_row, nicolae_hito_row,
          nicolae_hito_row, nicolae_hito_row, nicolae_hito_row,
          nicolae_hito_row, nicolae_hito_row, nicolae_hito_row,
          nicolae_hito_row], layout_irregular_city, kennysheep_okawaru_gauntlet,
          mainiacjoe_overflow_24_doors, xom_teletrap_fun, enter_bailey_8,
          serial_shops, kennysheep_mini_moat, minmay_statue_bubble, uniq_maurice
D:10:     layout_irregular_city, lemuel_blue_sif_altar, lair_entry_dummy,
          orc_0_dummy
Temple:   dshaligram_water_room_temple
Lair:1:   statuecave_lemuel, layout_regular_city, enter_volcano_1,
          lemuel_fruit_tree
Lair:2:   layout_gridlike, minmay_snake_entry_guardpost_small,
          grunt_megastairs_1, infiniplex_staircase_pool_2, uniq_gastronok,
          uniq_erica, uniq_sonja
Lair:3:   layout_regular_city, nicolae_shoals_entry_roost, st_stairs_8,
          lemuel_fruit_fields, grunt_megastairs_4
Lair:4:   layout_hall_layers, beast_lair_carwin_9
Lair:5:   minmay_lair_end_enchanted_forest, layout_layer_cave,
          minmay_slime_entry_oklob_enclosed, pdpol_lair_cavern_descent,
          uniq_kirke
Orc:1:    layout_caves, basic_altar, nicolae_shop_vocational, uniq_harold
Orc:2:    grunt_orc_cross, layout_caves, uniq_saint_roka

Skill      XL: |  1  2  3  4  5  6  7  8  9 10 11 12 13 14 15 |
---------------+----------------------------------------------+-----
Fighting       | 3 4 7 10 | 10.0
Short Blades   | 2 3 5 6 10 14 | 14.0
Stealth        | 6 11 14 | 14.0
Dodging        | 3 5 6 7 10 | 10.0
Armour         | 2 5 6 10 | 10.0
Evocations     | 6 |  6.0
Throwing       | 6 |  6.0
Invocations    | 6 |  6.0
Spellcasting   | 5 8 |  8.1
Conjurations   | 5 |  5.8
Hexes          | 4 |  4.0
Shields        | 1 |  1.8
Ranged Weapons | |  5.3

Action                     |  1- 3 |  4- 6 |  7- 9 | 10-12 | 13-15 || total
---------------------------+-------+-------+-------+-------+-------++-------
  Melee: Dagger            |    38 |   142 |   253 |   575 |  1163 ||  2171
         Punch             |       |       |     5 |     9 |    17 ||    31
   Fire: Shortbow          |    36 |       |       |       |       ||    36
  Throw: Dart              |       |       |       |     3 |       ||     3
   Cast: Dazzling Flash    |       |       |       |       |    11 ||    11
  Evoke: Wand              |       |       |       |     1 |     1 ||     2
    Use: Scroll            |     9 |     2 |    18 |     5 |     6 ||    40
         Potion            |       |       |     8 |     4 |     5 ||    17
   Stab: Sleeping          |    11 |    10 |    42 |    59 |    71 ||   193
         Distracted        |     1 |       |     1 |     7 |    13 ||    22
         Invisible         |       |       |     1 |    16 |     3 ||    20
 Armour: Leather armour    |     5 |    56 |    29 |       |       ||    90
         Steam dragon scal |       |       |    24 |    42 |    83 ||   149
  Dodge: Dodged            |    31 |   113 |   170 |   345 |  1011 ||  1670
  Block: Other             |       |       |    40 |    73 |   203 ||   316
         Reflection        |       |       |       |     5 |     1 ||     6
         Buckler           |       |       |       |       |    39 ||    39

Table legend: (Time is in decaauts)
 A = Elapsed time spent in this place.
 B = Non-inter-level travel time spent in this place.
 C = Inter-level travel time spent in this place.
 D = Time resting spent in this place.
 E = Time spent auto-exploring this place.
 F = Levels seen in this place.
 G = Mean time per level.
                   A        B        C        D        E       F      G
               +--------+--------+--------+--------+--------+-----+--------+
         Total |  19368 |  18355 |   1013 |   2086 |  13016 |  23 |  842.1 |
       Dungeon |   9673 |   9199 |    474 |   1028 |   6751 |  10 |  967.3 |
        Temple |    241 |    219 |     22 |      0 |    206 |   1 |  241.0 |
          Lair |   7244 |   6769 |    475 |    835 |   4772 |   5 | 1448.8 |
  Orcish Mines |    709 |    669 |     40 |    183 |    361 |   2 |  354.5 |
         Abyss |     38 |     38 |      0 |      0 |      0 |   1 |   38.0 |
         Sewer |    526 |    526 |      0 |      0 |    365 |   1 |  526.0 |
       Ossuary |    307 |    307 |      0 |      0 |    170 |   1 |  307.0 |
        Bailey |    339 |    339 |      0 |     40 |    159 |   1 |  339.0 |
       Volcano |    287 |    287 |      0 |      0 |    231 |   1 |  287.0 |
               +--------+--------+--------+--------+--------+-----+--------+

Top non-repeatable levels by time:
  Lair:5: 2282 daAuts
     D:6: 1603 daAuts
  Lair:3: 1558 daAuts
  Lair:4: 1243 daAuts
  Lair:2: 1206 daAuts
    D:10: 1174 daAuts
     D:2: 1153 daAuts
     D:9: 1056 daAuts
     D:1: 1028 daAuts
  Lair:1: 954 daAuts
     D:3: 940 daAuts
     D:8: 723 daAuts
     D:5: 695 daAuts
     D:7: 672 daAuts
     D:4: 626 daAuts
